 Dungeon Crawl Stone Soup version 0.21.1-1-g345015fe64 (webtiles) character file.

91 RaHiT the Sneak (level 4, -11/34 HPs)
             Began as a Vampire Assassin on Feb 24, 2018.
             Was a Follower of Uskayaw.
             Killed by divine providence
             ... invoked by an orc priest
              (13 damage)
             ... on level 3 of the Dungeon.
             The game lasted 00:07:18 (1480 turns).

RaHiT the Sneak (Vampire Assassin)                  Turns: 1480, Time: 00:07:21

Health: -11/34     AC:  3    Str: 10    XL:     4   Next: 33%
Magic:  4/4        EV: 13    Int: 13    God:    Uskayaw [*.....]
Gold:   108        SH:  0    Dex: 16    Spells: 3/3 levels left

rFire    . . .     SeeInvis +   a - +2 dagger
rCold    . . .     Gourm    .   (no shield)
rNeg     + . .     Faith    .   c - +0 robe
rPois    .         Spirit   .   (no helmet)
rElec    .         Reflect  .   d - +0 cloak
rCorr    .         Harm     .   (no gloves)
MR       .....                  (no boots)
Stlth    +++.......             (no amulet)
HPRegen  0.11/turn              (no ring)
MPRegen  0.09/turn              (no ring)

@: lethally poisoned (-11 -> -15), about to teleport, flying
A: fangs 3, see invisible, unbreathing
a: Bat Form, Stomp, Renounce Religion


You were on level 3 of the Dungeon.
You worshipped Uskayaw.
Uskayaw was noncommittal.
You were not thirsty.

You visited 1 branch of the dungeon, and saw 3 of its levels.

You collected 108 gold pieces.

Inventory:

Hand Weapons
 a - a +2 dagger (weapon)
 b - a +0 blowgun
 l - a cursed -1 dagger
Missiles
 e - 13 poisoned needles
 f - 2 curare-tipped needles
Armour
 c - a +0 robe (worn)
 d - a +0 cloak (worn)
Wands
 x - a wand of acid (7)
Scrolls
 j - 4 scrolls of teleportation
 k - a scroll of blinking
 m - a scroll of noise {unknown}
 o - a scroll of fog {unknown}
 t - a scroll of fear {unknown}
 w - a scroll of immolation {unknown}
Potions
 g - 23 potions of blood
 h - a potion of brilliance
 i - 2 potions of cancellation
 p - a potion of heal wounds {unknown}
 q - a potion of resistance {unknown}
 r - a potion of haste {unknown}
 s - a potion of might
 u - a potion of curing
 v - a potion of agility {unknown}


   Skills:
 * Level 2.4 Fighting
 + Level 2.7 Short Blades
 * Level 2.2 Throwing
 + Level 0.9 Armour
 * Level 2.3 Dodging
 + Level 6.2 Stealth
 + Level 0.1 Evocations


You had 3 spell levels left.
You didn't know any spells.

Dungeon Overview and Level Annotations

Branches:
Dungeon (3/15)

Altars:
Uskayaw


Innate Abilities, Weirdness & Mutations

You have razor-sharp teeth.
You have supernaturally acute eyesight. (SInv)
You can survive without breathing.


Message History

The orc barely misses you. The adder bites you but does no damage.
Unknown command.
You feel better. The adder closely misses you. The orc closely misses you.
As you read the scroll of teleportation, it crumbles to dust.
You feel strangely unstable. The adder bites you.
* * * LOW HITPOINT WARNING * * *
You are poisoned.
The adder poisons you!
The orc priest looks satisfied for a moment.
The orc hits you with a falchion.
* * * LOW HITPOINT WARNING * * *
You can no longer pass through a line of other dancers.
It was a potion of flight.
You feel very buoyant.
You fly up into the air.
* * * LOW HITPOINT WARNING * * *
You feel sick. The adder barely misses you.
The orc priest calls down the wrath of Beogh upon you.
Beogh smites you!
You die...

.....#....#.#####.#
..........#.....#.#
.###.#...##.......#
..............#.###
.##.##........#...#
.......)......#.#.#
<....##########.#...
%.....#..).....######+#
#.##.รท.#..)....#@#.##.##
..##..#.#.....gS#o##...##.#
..##..##.#.....K.oo........
..##..###.#......o.........
..##..# ##.#...............
..##..# ##.#..............
..##### ##.#...#..#.#..#.
..# ..#.######...### .)#
###.#. #.#..


You could see an orc priest, an adder, 3 orcs, a hobgoblin and a kobold.

Vanquished Creatures
  3 adders
  An ooze (D:1)
  A dart slug (D:1)
  3 leopard geckos
  An orc (D:3)
  7 bats
  5 giant cockroaches
  4 goblins (D:1)
  6 hobgoblins
  6 jackals
  2 kobolds
  2 ball pythons
  2 frilled lizards
  8 rats
51 creatures vanquished.

Notes
Turn   | Place    | Note
-------+----------+-------------------------------------------
     0 | D:1      | RaHiT the Vampire Assassin began the quest for the Orb.
     0 | D:1      | Reached XP level 1. HP: 16/16 MP: 1/1
    42 | D:1      | Reached XP level 2. HP: 11/22 MP: 2/2
   167 | D:1      | Reached skill level 6 in Stealth
   189 | D:1      | Reached XP level 3. HP: 19/27 MP: 3/3
   573 | D:2      | Noticed a hand axe
   573 | D:2      | Noticed an enchanted hand axe
   577 | D:2      | Found a hide-covered altar of Uskayaw.
   590 | D:2      | Became a worshipper of Uskayaw the Reveler
   864 | D:2      | Reached * piety under Uskayaw
  1200 | D:3      | Reached XP level 4. HP: 34/34 MP: 4/4
  1343 | D:3      | Reached ** piety under Uskayaw
  1480 | D:3      | Killed from afar by an orc priest

Skill      XL: |  1  2  3 |
---------------+----------+-----
Fighting       | 2 |  2.4
Stealth        | 6 |  6.2
Dodging        | 2 |  2.3
Throwing       | 2 |  2.2
Short Blades   | |  2.7
Armour         | |  0.9
Evocations     | |  0.1

Action                   |  1- 3 |  4- 6 || total
-------------------------+-------+-------++-------
Melee: Dagger            |   133 |    38 ||   171
       Bite              |     9 |     3 ||    12
 Fire: Blowgun           |       |     5 ||     5
  Use: Potion            |     8 |     2 ||    10
       Scroll            |     2 |     1 ||     3
 Stab: Sleeping          |     9 |       ||     9
Armor: Robe              |    39 |     8 ||    47
Dodge: Dodged            |    93 |    30 ||   123
